 Dungeon Crawl Stone Soup version 0.31-a0-193-gdfe2569204 (webtiles) character file.

Game seed: 5335785342295326247

388 qw the Skirmisher (level 6, -5/36 HPs)
             Began as a Deep Elf Hunter on June 23, 2023.
             Killed from afar by Ijyb (7 damage)
             ... with a puff of flame
             ... on level 4 of the Dungeon.
             The game lasted 00:00:59 (2844 turns).

qw the Skirmisher (Deep Elf Hunter)                 Turns: 2844, Time: 00:00:59

Health: -5/36      AC:  7    Str: 14    XL:     6   Next: 49%
Magic:  8/8        EV: 12    Int: 14    God:
Gold:   149        SH:  5    Dex: 20    Spells: 5/5 levels left

rFire   . . .        Y - +1 shortbow (freeze)
rCold   . . .        (shield currently unavailable)
rNeg    . . .        d - +0 ring mail
rPois   .            f - +0 helmet
rElec   .            i - +0 cloak
rCorr   .            (no gloves)
SInv    .            (no boots)
Will    .....        b - amulet of reflection
Stlth   +            e - +6 ring of strength
HPRegen 0.26/turn    (no ring)
MPRegen 0.11/turn

%: reflection
@: about to teleport
A: no striking features
a: no special abilities


You were on level 4 of the Dungeon.
You visited 1 branch of the dungeon, and saw 4 of its levels.

You collected 149 gold pieces.


   Skills:
 - Level 2.4 Fighting
 + Level 9.0 Ranged Weapons
 - Level 2.0 Armour
 - Level 3.0 Dodging
 - Level 1.2 Stealth


You had 5 spell levels left.
You didn't know any spells.
Your spell library was empty.

Inventory:

Hand Weapons
 Y - a +1 shortbow of freezing (weapon)
Armour
 d - a +0 ring mail (worn)
 f - a +0 helmet (worn)
 i - a +0 cloak (worn)
Jewellery
 b - an amulet of reflection (around neck)
 e - a +6 ring of strength (left hand)
Scrolls
 a - a scroll of identify
 c - a scroll of blinking {unknown}
Potions
 g - a potion of cancellation {unknown}
 h - a potion of curing {unknown}
 j - a potion of mutation {unknown}

Dungeon Overview and Level Annotations

Branches:
Dungeon (4/15)
 Temple: D:4-7

Altars:
Cheibriados
Gozag

Shops:
D:3 *   D:4 (

Annotations:
D:4 2 transporters, Ijyb; qw's ghost, amateur GrFi


Message History

You shoot an arrow. The arrow hits Ijyb but does no damage.
Ijyb is moderately wounded.
You shoot an arrow. The arrow hits Ijyb.
The arrow freezes Ijyb.
Ijyb is moderately wounded.
Ijyb hits you with a +0 spectral club.
The +0 spectral club hits you but does no damage.
A +0 spectral club comes into view.
You shoot an arrow. The arrow hits Ijyb but does no damage.
Ijyb is moderately wounded.
The +0 spectral club closely misses you.
Ijyb zaps a wand.
The puff of flame hits you.
You block the +0 spectral club's attack.
You shoot an arrow. The arrow hits Ijyb but does no damage.
Ijyb is moderately wounded.
The +0 spectral club hits you.
The +0 spectral club completely misses you.
The +0 spectral club disappears.
Ijyb closely misses you. The +0 spectral club hits you.
Ijyb hits you but does no damage. The +0 spectral club hits you.
A +0 spectral club comes into view.
You shoot an arrow. The arrow hits Ijyb.
The arrow freezes Ijyb.
Ijyb is heavily wounded.
The +0 spectral club barely misses you.
The +0 spectral club hits you but does no damage.
The +0 spectral club closely misses you.
Ijyb closely misses you. The +0 spectral club hits you.
The endoplasm freezes you.
You are frozen.
You shoot an arrow. The arrow closely misses Ijyb.
The +0 spectral club hits you.
The +0 spectral club completely misses you.
The +0 spectral club hits you but does no damage.
Ijyb misses you. The +0 spectral club hits you.
The endoplasm hits you but does no damage.
2844 ||| READING scroll of teleportation.
As you read the scroll of teleportation, it crumbles to dust.
You feel strangely unstable. The +0 spectral club hits you.
The +0 spectral club barely misses you. The +0 spectral club hits you.
Ijyb zaps a wand.
The puff of flame hits you!
You die...

...#......# #.#
..#####.### #.#... ..
........## #.......
#.####...# #.#..#.###
#.# #...# #.#......?
..## #...# #.#.......
...# #...# #.#....##
#..###...######.#g....#
..............#.@(....#
.................J#.#.#
(.............#####
##.###...###### ...#
#...# #### #...# #...#
##...####
#####.......##########


You could see a +0 spectral club, Ijyb and an endoplasm.

Vanquished Creatures
  A black bear (D:4)
  A scorpion (D:4)
  A howler monkey (D:4)
  An iguana (D:4)
  Robin (D:3)
  3 gnolls (D:2)
  4 adders
  A white imp (D:3)
  2 ufetubi
  2 worms (D:3)
  A dart slug (D:1)
  2 orcs
  6 ball pythons
  7 endoplasms
  A giant cockroach (D:4)
  9 goblins
  11 hobgoblins
  4 jackals (D:2)
  2 kobolds
  4 quokkas
  2 bats
  2 frilled lizards (D:1)
  3 rats
71 creatures vanquished.

Notes
Turn   | Place    | Note
-------+----------+-------------------------------------------
     0 | D:1      | qw the Deep Elf Hunter began the quest for the Orb.
     0 | D:1      | Reached XP level 1. HP: 12/12 MP: 3/3
     0 | D:1      | 0 ||| qw: Version: 0.3-a-9-g12657ce
     0 | D:1      | 0 ||| qw: Game counter: 4634
     0 | D:1      | 0 ||| qw: Always use a shield: true
     0 | D:1      | 0 ||| qw: God list: Okawaru
     0 | D:1      | 0 ||| qw: Allow faded altars: false
     0 | D:1      | 0 ||| qw: Do Orc after D:15 true
     0 | D:1      | 0 ||| qw: Do second Lair branch before Depths: true
     0 | D:1      | 0 ||| qw: Lair rune preference: random
     0 | D:1      | 0 ||| qw: Plans: Normal
     0 | D:1      | 0 ||| PLANNING D:1-11
    99 | D:1      | Reached skill level 6 in Ranged Weapons
    99 | D:1      | Reached XP level 2. HP: 16/16 MP: 4/4
   679 | D:1      | 679 ||| UPGRADING to +0 cloak.
   684 | D:1      | 684 ||| UPGRADING to +6 ring of strength.
   685 | D:1      | 685 ||| READING 2 scrolls labelled VEAWNO HAINUXIA.
   686 | D:1      | 686 ||| READING scroll labelled FOGOCK BAZUCO.
   687 | D:1      | 687 ||| READING 2 scrolls labelled FIALIY OCVUTWI.
   691 | D:1      | 691 ||| DROPPING scroll of butterflies.
   752 | D:2      | Reached XP level 3. HP: 20/20 MP: 5/5
   757 | D:2      | HP: 5/20 [gnoll/+0 spear (5)]
   758 | D:2      | 758 ||| READING 2 scrolls of teleportation.
   760 | D:2      | Reached skill level 7 in Ranged Weapons
   760 | D:2      | 760 ||| FLEEEEING.
   761 | D:2      | 761 ||| FLEEEEING.
   969 | D:2      | Found a faded altar of an unknown god.
  1613 | D:2      | 1613 ||| UPGRADING to amulet of reflection.
  1618 | D:2      | 1618 ||| READING scroll labelled SISSEOL FICONY.
  1619 | D:2      | 1619 ||| READING scroll labelled KAOHEQISAC.
  1620 | D:2      | 1620 ||| DRINKING 2 silvery potions.
  1621 | D:2      | 1621 ||| READING 3 scrolls of identify.
  1621 | D:2      | 1621 ||| IDENTIFYING purple potion
  1622 | D:2      | 1622 ||| READING 2 scrolls of identify.
  1622 | D:2      | 1622 ||| IDENTIFYING coppery potion
  1623 | D:2      | 1623 ||| DROPPING potion of berserk rage.
  1624 | D:2      | 1624 ||| DROPPING potion of invisibility.
  1736 | D:3      | Reached XP level 4. HP: 25/25 MP: 6/6
  1836 | D:3      | Found Gozag's Platinum Reserve.
  1858 | D:3      | Noticed Robin
  1874 | D:3      | HP: 6/25 [goblin/+0 club[Robin] (5)]
  1875 | D:3      | 1875 ||| READING 2 scrolls of teleportation.
  1876 | D:3      | 1876 ||| DRINKING potion of heal wounds.
  2075 | D:3      | Found an opulent altar of Gozag.
  2089 | D:3      | 2089 ||| SHOPLISTING amulet of Circularity {Reflect rC-
                  | rCorr Str+5 SH+5} (4610 gold, have 58).
  2089 | D:3      | 2089 ||| SHOPLISTING amulet of Spring {Spirit *Slow rPois
                  | rN++ Dex+3} (5240 gold, have 58).
  2107 | D:3      | Reached skill level 8 in Ranged Weapons
  2113 | D:3      | Killed Robin
  2305 | D:3      | Reached skill level 3 in Dodging
  2311 | D:3      | Reached XP level 5. HP: 29/29 MP: 7/7
  2315 | D:3      | 2315 ||| UPGRADING to +0 ring mail.
  2325 | D:3      | 2325 ||| DROPPING +0 leather armour.
  2326 | D:3      | 2326 ||| UPGRADING to +0 helmet.
  2348 | D:4      | Noticed qw's ghost (amateur GrFi)
  2349 | D:4      | Noticed an orc warrior
  2371 | D:4      | Reached skill level 9 in Ranged Weapons
  2372 | D:4      | Found a transporter.
  2500 | D:4      | Found a transporter.
  2544 | D:4      | Noticed a black bear
  2553 | D:4      | Found a snail-covered altar of Cheibriados.
  2635 | D:4      | Reached XP level 6. HP: 36/36 MP: 8/8
  2659 | D:4      | Found Kavac's Weapon Shop.
  2831 | D:4      | Noticed Ijyb
  2843 | D:4      | HP: 5/36 [+0 spectral club[Ijyb] (6)]
  2844 | D:4      | 2844 ||| READING scroll of teleportation.
  2844 | D:4      | HP: 2/36 [+0 spectral club[Ijyb] (1)]
  2844 | D:4      | Killed from afar by Ijyb

Levels and vault maps discovered:
D:1:      nicolae_arrival_somewhat_less_tricky_arrival, layout_loops_ring
D:2:      layout_basic, hellmonk_ecumenical_altar_dog_temple, chequers_arboretum
D:3:      layout_basic, nicolae_gozag_zags_fifth_avenue,
          roderic_serpentine_path, uniq_robin
D:4:      layout_loops_cross, lemuel_tele_altar, gammafunk_ghost_arena,
          serial_shops, nicolae_shop_peninsula, uniq_ijyb

Skill      XL: |  1  2  3  4  5  6 |
---------------+-------------------+-----
Ranged Weapons | 6 7 8 9 |  9.0
Dodging        | 3 |  3.0
Fighting       | 2 |  2.4
Armour         | 2 |  2.0
Stealth        | |  1.2

Action                     |  1- 3 |  4- 6 || total
---------------------------+-------+-------++-------
   Fire: Shortbow          |    90 |   127 ||   217
    Use: Scroll            |     8 |     2 ||    10
         Potion            |     1 |     1 ||     2
 Armour: Leather armour    |    10 |     6 ||    16
         Ring mail         |       |    13 ||    13
  Dodge: Dodged            |    18 |    39 ||    57
  Block: Other             |       |    17 ||    17

Table legend:
 A = Non-vault XP
 B = Vault XP
 C = Vault XP percentage of total XP
 D = Non-vault monster count
 E = Vault monster count
 F = Vault count percentage of total count
                 A         B        C        D         E       F
            +---------+---------+-------+---------+---------+-------
      Total |     509 |      46 |   8.3 |      54 |      17 |  23.9
            +---------+---------+-------+---------+---------+-------
        D:1 |      31 |       0 |   0.0 |      17 |       0 |   0.0
        D:2 |      57 |       8 |  12.3 |      11 |       4 |  26.7
        D:3 |      67 |      38 |  36.2 |      12 |      13 |  52.0
        D:4 |     354 |       0 |   0.0 |      14 |       0 |   0.0
            +---------+---------+-------+---------+---------+-------
